Map: Solaris LE

Players

Enso - Winner!

  • Race: Protoss Protoss
  • League: Diamond
  • Spawn Location: 1:00

demzi

  • Race: Zerg Zerg
  • League: Diamond
  • Spawn Location: 7:00

VOD

Have the link to the VOD?

Description

Time

  • Played on: March 24, 2024, 6:20 p.m.
  • Length: 16:24
Show
View Real Time Build Order
Export as new Build Order

Enso Protoss - Winner!

Build Orders: Blink Stalkers, Chargelot Immortal 

Get SALT Encoding   

  12  0:00  Probe  
  13  0:14  Probe  
  13  0:19  Pylon  
  14  0:26  Probe  
  15  0:39  Gateway, Probe (Chrono Boost)  
  17  0:50  Probe (Chrono Boost)  
  17  0:51  Assimilator  
  17  1:00  Pylon  
  17  1:12  Gateway  
  17  1:19  Probe  
  18  1:29  Zealot (Chrono Boost)  
  18  1:30  Cybernetics Core  
  20  1:39  Probe  
  21  1:42  Pylon  
  21  1:57  Probe  
  22  2:02  Warp Gate (Chrono Boost)  
  22  2:05  Assimilator  
  22  2:07  Stalker  
  24  2:09  Probe  
  25  2:15  Stalker  
  25  2:21  Probe  
  28  2:45  Nexus  
  28  2:50  Pylon  
  28  2:57  Probe  
  29  3:03  Twilight Council  
  31  3:19  Probe  
  32  3:24  Gateway  
  30  3:29  Shield Battery  
  30  3:32  Probe  
  31  3:37  Stalker  
  31  3:40  Stalker  
  35  3:48  Pylon  
  35  3:50  Probe  
  36  3:57  Blink (Chrono Boost)  
  36  3:59  Probe  
  37  4:11  Probe  
  37  4:12  Probe  
  37  4:16  Stalker  
  41  4:22  Stalker  
  43  4:28  Stalker  
  43  4:30  Probe (Chrono Boost)  
  47  4:39  Probe (Chrono Boost)  
  47  4:40  Probe (Chrono Boost)  
  47  4:45  Probe (Chrono Boost)  
  49  4:46  Probe (Chrono Boost)  
  50  4:55  Gateway  
  50  4:56  Probe  
  50  4:57  Probe  
  50  4:58  Stalker  
  54  5:01  Stalker  
  54  5:06  Stalker  
  58  5:08  Probe  
  59  5:16  Probe  
  59  5:20  Pylon  
  59  5:21  Assimilator, Probe  
  60  5:22  Assimilator  
  61  5:31  Pylon  
  61  5:34  Pylon  
  61  5:38  Stalker x2  
  61  5:42  Probe  
  66  5:46  Probe  
  67  5:56  Probe  
  68  5:58  Probe  
  68  5:59  Pylon  
  68  6:03  Gateway  
  69  6:05  Gateway  
  69  6:19  Stalker x3  
  75  6:44  Probe  
  75  6:45  Stalker x3  
  75  6:46  Stalker  
  84  6:49  Nexus  
  82  7:00  Probe x2  
  78  7:03  Stalker x2  
  78  7:07  Pylon  
  70  7:25  Robotics Facility, Charge (Chrono Boost)  
  70  7:26  Robotics Facility  
  70  7:27  Zealot x4  
  74  7:37  Probe x2  
  74  7:41  Zealot x2  
  80  7:52  Zealot x3  
  86  8:02  Zealot x3  
  92  8:08  Shield Battery, Pylon  
  92  8:12  Zealot  
  94  8:20  Immortal (Chrono Boost)  
  98  8:28  Immortal (Chrono Boost)  
  98  8:33  Zealot  
  104  8:35  Zealot  
  106  8:42  Pylon  
  106  8:47  Pylon  
  106  8:52  Forge  
  106  8:54  Pylon  
  106  8:57  Forge  
  106  9:01  Probe (Chrono Boost)  
  109  9:06  Probe x2 (Chrono Boost)  
  110  9:10  Zealot, Probe (Chrono Boost)  
  110  9:14  Probe (Chrono Boost)  
  113  9:18  Observer  
  82  9:35  Zealot x4  
  82  9:36  Zealot x2  
  86  9:40  Immortal  
  80  9:51  Immortal (Chrono Boost)  
  80  10:00  Stalker x4  
  86  10:12  Protoss Ground Armor Level 1 (Chrono Boost), Protoss Ground Weapons Level 1 (Chrono Boost)  
  86  10:13  Zealot x2  
  84  10:16  Probe  
  84  10:20  Immortal (Chrono Boost)  
  79  10:35  Stalker  
  79  10:36  Stalker x2  
  79  10:42  Stalker x3  
  85  10:51  Probe  
  85  10:52  Immortal (Chrono Boost)  
  94  11:00  Immortal (Chrono Boost)  
  94  11:04  Zealot x3  
  94  11:06  Probe  
  101  11:12  Templar Archives  
  101  11:13  Zealot x2  
  105  11:20  Gateway  
  105  11:23  Gateway  
  105  11:24  Zealot  
  107  11:28  Immortal (Chrono Boost)  
  99  11:42  Zealot  
  99  11:43  Zealot x4  
  89  11:57  Pylon  
  89  12:00  Stalker  
  89  12:10  Stalker x3  
  89  12:11  Stalker x2  
  89  12:12  Protoss Ground Weapons Level 2 (Chrono Boost), Probe  
  89  12:15  Immortal (Chrono Boost)  
  104  12:16  Protoss Ground Armor Level 2 (Chrono Boost)  
  104  12:28  Gateway  
  104  12:31  Zealot x2  
  104  12:36  Probe  
  109  12:38  Assimilator  
  109  12:39  Assimilator, Immortal (Chrono Boost)  
  113  12:55  Zealot x4  
  121  13:09  Pylon  
  121  13:10  High Templar x4  
  129  13:15  Gateway, Archon  
  129  13:16  Archon  
  129  13:17  High Templar x4  
  137  13:20  Immortal (Chrono Boost)  
  137  13:21  Archon x2  
  141  13:34  Zealot  
  147  13:35  Immortal (Chrono Boost)  
  147  13:43  Pylon  
  147  13:47  Zealot x3  
  147  13:48  Zealot, Pylon  
  159  13:56  Immortal (Chrono Boost)  
  159  14:02  Zealot x2  
  163  14:12  Shield Battery  
  163  14:13  Gateway  
  149  14:21  Stalker x3  
  114  14:29  Immortal (Chrono Boost)  
  102  14:38  Stalker  
  108  14:39  High Templar x5  
  108  14:40  High Templar  
  108  14:43  Archon x2  
  120  14:45  Archon  
  120  14:46  Zealot  
  122  14:53  Zealot x2  
  127  15:02  Observer (Chrono Boost)  
  127  15:03  Stalker  
  127  15:04  Gateway  
  130  15:07  Observer (Chrono Boost)  
  130  15:08  Stalker  
  132  15:25  Nexus  
  120  15:39  Immortal x2 (Chrono Boost)  
  110  15:54  Zealot x3  
  116  16:03  Stalker  
Show
View Real Time Build Order
Export as new Build Order

demzi Zerg 

Build Orders: Pool First 

Get SALT Encoding   

  12  0:00  Drone  
  13  0:12  Overlord  
  13  0:16  Drone  
  14  0:31  Drone x2  
  16  1:03  Drone x3  
  18  1:14  Spawning Pool  
  18  1:16  Hatchery  
  16  1:18  Extractor  
  16  1:20  Drone  
  16  1:25  Drone  
  17  1:35  Drone  
  18  1:46  Drone  
  19  1:57  Drone  
  20  2:08  Overlord  
  20  2:12  Queen  
  22  2:20  Metabolic Boost  
  22  2:25  Overlord  
  22  2:27  Queen  
  22  2:29  Zergling x2  
  25  2:32  Zergling x2  
  26  2:40  Drone x2  
  28  2:49  Drone  
  29  2:52  Drone  
  30  3:01  Hatchery  
  29  3:06  Drone x2  
  29  3:10  Queen  
  34  3:12  Drone  
  34  3:16  Drone  
  35  3:21  Drone  
  35  3:26  Drone x3  
  39  3:29  Drone  
  39  3:32  Drone  
  41  3:39  Drone x3  
  44  3:49  Baneling Nest  
  44  3:53  Overlord  
  44  3:54  Evolution Chamber x2  
  41  4:03  Extractor  
  41  4:06  Extractor  
  39  4:12  Drone x2  
  39  4:13  Drone  
  39  4:14  Drone x2  
  39  4:15  Drone x2, Extractor  
  45  4:17  Zergling x2  
  45  4:18  Zergling x4  
  48  4:32  Drone x6  
  54  4:39  Queen  
  54  4:43  Zerg Melee Weapons Level 1  
  54  4:44  Zerg Ground Armor Level 1  
  56  4:47  Overlord  
  56  4:50  Overlord  
  56  4:54  Drone x2  
  56  4:57  Overlord  
  58  5:11  Lair  
  57  5:17  Drone x2  
  57  5:18  Drone x3  
  57  5:19  Drone  
  57  5:20  Drone x6  
  57  5:21  Drone x2  
  71  5:24  Overlord  
  71  5:26  Overlord  
  71  5:40  Zergling x4  
  73  5:43  Zergling x8  
  77  5:50  Overlord x4  
  77  5:52  Roach Warren  
  76  5:57  Zergling x10  
  76  6:00  Baneling x2  
  76  6:01  Baneling  
  81  6:07  Extractor  
  81  6:08  Drone x2  
  81  6:09  Extractor  
  79  6:16  Zergling x2  
  79  6:17  Zergling x2, Overlord  
  79  6:18  Zergling x12  
  83  6:28  Baneling x2  
  83  6:29  Baneling x3  
  83  6:31  Zergling x2  
  83  6:32  Zergling x10  
  83  6:40  Roach  
  83  6:41  Roach x4  
  84  6:52  Roach  
  84  6:53  Roach x7  
  81  7:02  Queen  
  81  7:06  Roach  
  81  7:07  Roach x3  
  80  7:18  Roach x6  
  80  7:21  Drone x3  
  93  7:29  Zerg Ground Armor Level 2  
  93  7:32  Zergling x2  
  93  7:33  Zergling x4  
  96  7:41  Drone x3  
  96  7:43  Drone x2  
  101  7:44  Drone  
  102  7:59  Zergling x2  
  102  8:00  Zergling x8  
  102  8:02  Baneling x4  
  102  8:03  Baneling  
  107  8:07  Overlord x2  
  107  8:08  Overlord  
  107  8:13  Hydralisk Den  
  107  8:17  Drone x7  
  107  8:18  Drone  
  114  8:21  Baneling  
  114  8:38  Roach x8  
  129  8:44  Drone x2  
  129  8:46  Drone x3  
  134  8:49  Zergling x6  
  134  8:55  Zerg Missile Weapons Level 1  
  137  8:56  Centrifugal Hooks  
  137  8:57  Glial Reconstitution  
  137  9:02  Overseer  
  137  9:03  Overlord x3  
  129  9:31  Roach x13  
  125  9:44  Roach x7  
  121  10:09  Roach x6  
  131  10:22  Overseer  
  125  10:38  Zergling x20  
  115  10:57  Zergling x20  
  116  11:00  Baneling  
  116  11:01  Baneling x10  
  123  11:11  Zergling x2  
  123  11:12  Zergling x4  
  126  11:38  Roach x10  
  126  11:39  Roach x2  
  122  11:52  Roach x11  
  122  11:53  Roach  
  119  12:10  Zergling x6  
  122  12:20  Overlord x2  
  122  12:21  Overlord x2  
  122  12:23  Ravager x6  
  122  12:24  Ravager x3  
  122  12:25  Zergling x2  
  122  12:26  Zergling x2  
  133  12:31  Zergling x2  
  133  12:33  Zergling x8, Hatchery  
  133  12:34  Zergling x2  
  133  12:36  Zergling x2  
  133  12:37  Zergling x8  
  143  12:43  Baneling x6  
  143  12:44  Zergling x2, Hatchery  
  143  12:48  Ravager  
  144  12:52  Zergling x4  
  146  13:00  Zergling x6  
  149  13:08  Baneling  
  149  13:09  Baneling x25  
  149  13:10  Baneling x2  
  149  13:11  Zergling x18  
  158  13:18  Zergling x2  
  159  13:20  Zergling x4  
  161  13:28  Overlord  
  161  13:33  Zergling x2  
  161  13:34  Zergling x18  
  177  13:44  Overlord x2  
  177  13:47  Overlord  
  117  14:29  Zergling x2  
  117  14:30  Zergling x34  
  105  14:41  Roach x3  
  111  14:53  Hydralisk x8, Roach  
  111  14:57  Baneling  
  111  14:58  Baneling x24  
  129  15:01  Queen  
  131  15:10  Queen  
  131  15:14  Hydralisk x8  
  133  15:15  Hydralisk  
  133  15:18  Zergling x2  
  152  15:24  Drone x3  
  155  15:29  Queen  
  115  15:47  Roach x6  
  94  16:04  Roach x8  
Tags
 
Add a new tag
Caveats
  • Supply blocks, unpowered buildings, or Contaminate may cause inaccurate times.
  • Supply counts are checked every 10 seconds.